 Dungeon Sprint DCSS version 0.30.1-4-g462c640d31 (webtiles) character file.

Game seed: 17698648673918514504

161 Groucho the Covert (level 5, 0/24 HPs)
             Began as a Spriggan Enchanter on Aug 11, 2023.
             Slain by an ufetubus (4 damage)
             ... summoned by a kobold demonologist
             ... in the Dungeon (Sprint III: "The Ten Rune Challenge").
             The game lasted 00:02:58 (878 turns).

Groucho the Covert (Spriggan Enchanter)              Turns: 878, Time: 00:02:59

Health: 0/24       AC:  2    Str:  4    XL:     5   Next: 18%
Magic:  8/14       EV: 20    Int: 19    God:
Gold:   30         SH:  0    Dex: 15    Spells: 5/16 levels left

rFire   . . .        a - +1 dagger
rCold   + . .        (no shield)
rNeg    . . .        k - +0 robe {rC+}
rPois   .            (helmet restricted)
rElec   .            (no cloak)
rCorr   .            (gloves unavailable)
SInv    +            (boots unavailable)
Will    .....        (no amulet)
Stlth   ++++         (no ring)
HPRegen 0.24/turn    (no ring)
MPRegen 0.14/turn

%: no teleportation
@: invisible, very quick
A: very small, no large weapons, unfitting armour, see invisible, speed 3
a: no special abilities


You were in the Dungeon.
You visited 1 branch You collected 30 gold pieces.

Inventory:

Hand Weapons
 a - a +1 dagger (weapon)
Armour
 k - a +0 robe of cold resistance (worn)
Scrolls
 b - 2 scrolls of poison {unknown}
 i - a scroll of blinking
 l - 3 scrolls of identify
Potions
 f - a potion of haste
 g - 2 potions of magic
 j - a potion of degeneration {unknown}
 m - 2 potions of flight
 n - 5 potions of mutation
 o - 2 potions of attraction {unknown}


   Skills:
 + Level 5.1 Short Blades
 + Level 6.6 Dodging
 + Level 8.6 Stealth
 + Level 6.2 Spellcasting
 + Level 0.0 Conjurations
 + Level 6.6 Hexes
 + Level 0.0 Invocations


You had 5 spell levels left.
You knew the following spells:

 Your Spells              Type           Power      Damage    Failure   Level
a - Ensorcelled Hibernat  Hex/Ice        36%        N/A       4%          2
b - Confusing Touch       Hex            31%        N/A       2%          3
c - Dazzling Flash        Conj/Hex       36%        N/A       9%          3
d - Tukima's Dance        Hex            31%        N/A       2%          3

Your spell library contained the following spells:

 Spells                   Type           Power      Damage    Failure   Level


Dungeon Overview and Level Annotations

Branches:
Dungeon (1/1)

Altars:
Kikubaaqudgha
Sif Muna
Vehumet


Innate Abilities, Weirdness & Mutations

You are very small and have problems with some larger weapons.
You are too small for most types of armour.
You have supernaturally acute eyesight. (SInv)
You cover ground extremely quickly. (Speed+++)


Message History

The wizard closely misses you.
You catch the helpless wizard completely off-guard!
You hit the wizard but do no damage. You punch the wizard, but do no damage.
The kobold demonologist hits you with a +0 dagger.
* * * LOW HITPOINT WARNING * * *
The wizard gestures wildly while chanting.
The wizard blinks!
The iron imp hits you but does no damage.
Unknown command.
Unknown command.
You closely miss the kobold demonologist.
Your hands stop glowing.
The kobold demonologist barely misses you.
The iron imp closely misses you.
Unknown command.
You closely miss the kobold demonologist.
The ufetubus closely misses you. The ufetubus misses you.
There is an open door here.
You closely miss the kobold demonologist.
The crimson imp closely misses you.
The kobold demonologist closely misses you.
The ufetubus completely misses you. The ufetubus closely misses you.
Unknown command.
You closely miss the kobold demonologist.
The iron imp misses you. The ufetubus closely misses you.
The ufetubus misses you. The crimson imp completely misses you.
The kobold demonologist hits you with a +0 dagger.
* * * LOW HITPOINT WARNING * * *
Unknown command.
You completely miss the kobold demonologist.
The ufetubus misses you. x2
Unknown command.
Unknown command.
You hit the kobold demonologist but do no damage.
The kobold demonologist misses you. The crimson imp misses you.
The ufetubus closely misses you. The ufetubus completely misses you.
You hit the kobold demonologist.
The kobold demonologist is moderately wounded.
The ufetubus hits you.
You die...

.#......#####..#
##.......#..#..#
.##[##...#..#..###+#+###+
.##.###..##'#..#.........
####.##..###...'.⌠.......
##..##..####...#.p.#####
....##..###....#5⌠.#
#..##÷..##.....#K..#
..##....#......#@###
.###..##.#.....#55$# .#
#..#####....#___# ▓▓ ▓▓▓▓
▓▓▓▓▓▓▓▓▓▓


You could see a wizard (unable to see you), a kobold demonologist (wandering,
unable to see you), an iron imp (summoned, unable to see you), a crimson imp
(summoned, unable to see you) and an ufetubus (summoned, unable to see you).

Vanquished Creatures
  A water elemental (D)
  A scorpion (D)
  Jessica (D)
  A human (D)
  3 rats (D)
7 creatures vanquished.

Notes
Turn   | Place    | Note
-------+----------+-------------------------------------------
     0 | D        | Groucho the Spriggan Enchanter began the quest for the Orb.
     0 | D        | Reached XP level 1. HP: 9/9 MP: 5/5
    24 | D        | Noticed Jessica
    37 | D        | Killed Jessica
    38 | D        | Reached skill level 6 in Stealth
    38 | D        | Reached XP level 2. HP: 10/13 MP: 6/8
    67 | D        | Noticed a scorpion
    91 | D        | Learned a level 2 spell: Ensorcelled Hibernation
   124 | D        | Killed a scorpion
   125 | D        | Reached skill level 5 in Dodging
   125 | D        | Reached skill level 7 in Stealth
   125 | D        | Reached skill level 5 in Spellcasting
   125 | D        | Reached skill level 5 in Hexes
   125 | D        | Reached XP level 3. HP: 16/16 MP: 2/10
   125 | D        | Reached XP level 4. HP: 21/21 MP: 2/12
   484 | D        | Learned a level 3 spell: Confusing Touch
   488 | D        | Learned a level 3 spell: Dazzling Flash
   521 | D        | Learned a level 3 spell: Tukima's Dance
   522 | D        | Noticed a water elemental
   540 | D        | Killed a water elemental
   541 | D        | Reached skill level 5 in Short Blades
   541 | D        | Reached skill level 8 in Stealth
   541 | D        | Reached XP level 5. HP: 4/24 MP: 10/14
   850 | D        | Found a radiant altar of Vehumet.
   851 | D        | Found a shimmering blue altar of Sif Muna.
   851 | D        | Found an ancient bone altar of Kikubaaqudgha.
   865 | D        | HP: 1/24 [wizard/+0 dagger (3)]
   878 | D        | Slain by an ufetubus

Illustrated notes

Levels and vault maps discovered:
D:        dungeon_sprint_mu [sprint_mu_entry_cave, sprint_mu_temple_rooms,
          sprint_mu_d1_spiders, sprint_mu_d2_genie, sprint_mu_d3_branching,
          sprint_mu_orc_legion, sprint_mu_elf_gauntlet, sprint_mu_hive_nellie,
          sprint_mu_lair_fedhas, sprint_mu_vaults_butterflies,
          sprint_mu_slime_circle, sprint_mu_shoals_kraken,
          sprint_mu_snake_twists, sprint_mu_blade_basic,
          sprint_mu_crypt_chambers, sprint_mu_tomb_spiral,
          sprint_mu_vestibule_basic, sprint_mu_gehenna_hellfire,
          sprint_mu_dis_giant, sprint_mu_tartarus_statrot,
          sprint_mu_cocytus_islands, sprint_mu_zot1]

Skill      XL: |  1  2  3  4 |
---------------+-------------+-----
Dodging        | 4 5 6 |  6.6
Short Blades   | 2 4 5 |  5.1
Stealth        | 6 7 8 |  8.6
Spellcasting   | 4 5 6 |  6.2
Hexes          | 4 5 6 |  6.6

Action                     |  1- 3 |  4- 6 || total
---------------------------+-------+-------++-------
  Melee: Dagger            |     8 |    29 ||    37
         Punch             |       |     1 ||     1
   Cast: Ensorcelled Hiber |     3 |     4 ||     7
         Confusing Touch   |       |     2 ||     2
    Use: Potion            |     1 |     4 ||     5
   Stab: Sleeping          |     4 |     1 ||     5
         Invisible         |     1 |     1 ||     2
 Armour: Robe              |     1 |     2 ||     3
  Dodge: Dodged            |     2 |    36 ||    38
